[Event "Titled Tuesday Blitz April 18 Early 2023"]
[White "Jumanov, Elbek"]
[Black "Mitrabha, Guha"]
[WhiteFideId "14202905"]
[BlackFideId "5057000"]
[WhiteElo "2055"]
[BlackElo "2507"]
[Result "0-1"]
[Round "01"]
[TimeControl "180+2"]
[Date "2023.04.18"]
[WhiteClock "0:00:02"]
[BlackClock "0:01:01"]

1. c4 c5 2. Nf3 g6 3. Nc3 Bg7 4. d4 Nf6 5. g3 O-O 6. Bg2 Nc6 7. O-O d6 8. d5 Na5 9. Nd2 a6 10. Rb1 b5 11. b3 Rb8 12. Bb2 Ng4 13. Qc2 bxc4 14. bxc4 Ne5 15. Nd1 Bf5 16. e4 Bg4 17. Ne3 Be2 18. Bxe5 Bxe5 19. Rxb8 Qxb8 20. Re1 Bh5 21. g4 Bxg4 22. Nxg4 Bd4 23. Rb1 Qc8 24. Ne3 Qd7 25. Nf3 Bg7 26. Qd2 Qa4 27. Qc2 Qxc2 28. Nxc2 Nxc4 29. Bf1 Nb2 30. e5 Na4 31. exd6 exd6 32. Bxa6 Ra8 33. Bc4 Nb2 34. Bb5 Rxa2 35. Ne3 Ra5 36. Bc6 c4 37. Nd2 c3 38. Nb3 Ra3 39. Nc1 Bf6 40. Ne2 Nd3 41. Rb8+ Kg7 42. Ng4 c2 43. Be8 Nf4 44. Nc1 Ra1 45. Rb7 Rxc1# 0-1


[Site "https://www.chess.com"]

[Event "Titled Tuesday Blitz April 18 Early 2023"]
[White "Indjic, Aleksandar"]
[Black "Kubatko, Ivan"]
[WhiteFideId "911925"]
[BlackFideId "24111473"]
[WhiteElo "2614"]
[BlackElo "2285"]
[Result "1-0"]
[Round "01"]
[TimeControl "180+2"]
[Date "2023.04.18"]
[WhiteClock "0:01:52"]
[BlackClock "0:00:06"]

1. d4 d5 2. c4 e6 3. Nf3 c5 4. cxd5 exd5 5. Bg5 Be7 6. Bxe7 Nxe7 7. dxc5 Qa5+ 8. Nc3 Qxc5 9. e3 Nbc6 10. Be2 O-O 11. O-O a6 12. Rc1 Qa5 13. Nd4 Rd8 14. Bf3 Qb4 15. Nxc6 bxc6 16. Na4 Bf5 17. a3 Qh4 18. Nc5 h5 19. b4 Bg4 20. h3 Bf5 21. Bxh5 Rd6 22. Bg4 Rg6 23. Bxf5 Nxf5 24. Qf3 Rf6 25. Qg4 Qh6 26. Nd7 Rg6 27. Qxf5 Rd8 28. Ne5 Rf6 29. Qg4 1-0


[Site "https://www.chess.com"]

[Event "Titled Tuesday Blitz April 18 Early 2023"]
[White "b_6"]
[Black "Yeletsky, Ivan"]
[BlackFideId "24180327"]
[WhiteElo "2457"]
[BlackElo "2422"]
[Result "0-1"]
[Round "01"]
[TimeControl "180+2"]
[Date "2023.04.18"]
[WhiteClock "0:00:05"]
[BlackClock "0:00:08"]

1. c4 Nc6 2. Nc3 g6 3. d4 Bg7 4. Nf3 e5 5. d5 Nd4 6. e3 Nxf3+ 7. Qxf3 d6 8. e4 f5 9. exf5 gxf5 10. Qh5+ Kf8 11. Bd3 Nf6 12. Qe2 Qe8 13. O-O a6 14. f4 e4 15. Bc2 Ng4 16. Be3 b6 17. Rad1 Nxe3 18. Qxe3 h5 19. b3 Bd7 20. Ne2 Qg6 21. Nd4 a5 22. a4 Kf7 23. Kh1 Rhg8 24. Rg1 Bxd4 25. Rxd4 Qf6 26. Rd2 Ke7 27. Qd4 Qxd4 28. Rxd4 h4 29. Rd2 Rg4 30. g3 Rag8 31. Rdg2 hxg3 32. Rxg3 Kf6 33. Rxg4 fxg4 34. Bxe4 Re8 35. Bc2 Re2 36. Rg2 Re1+ 37. Rg1 Re3 38. Rg3 Re8 39. Kg1 Re1+ 40. Kf2 Rh1 41. Kg2 Rc1 42. Be4 Bf5 43. Bxf5 Kxf5 44. h3 Rc2+ 45. Kg1 gxh3 46. Rxh3 Rb2 47. Kf1 Kxf4 48. Rh7 Rxb3 49. Rxc7 Rb4 50. Rc6 Ke5 51. Ke2 Rxa4 52. Rxb6 Rxc4 53. Ra6 Rc5 54. Ke3 Kxd5 55. Ra8 Rc3+ 56. Kd2 Ra3 57. Rd8 a4 58. Ra8 Ra1 59. Ra5+ Kc4 60. Kc2 d5 61. Ra8 a3 62. Rc8+ Kb4 63. Rb8+ Kc4 64. Rc8+ Kd4 65. Ra8 a2 66. Kb2 Rb1+ 67. Kxa2 Rb7 68. Ra3 Ke4 69. Rb3 Rxb3 70. Kxb3 d4 71. Kc2 Ke3 72. Kc1 Ke2 0-1


[Site "https://www.chess.com"]

[Event "Titled Tuesday Blitz April 18 Early 2023"]
[White "Kamsky, Gata"]
[Black "Ramirez Vido, Robert Yorisan"]
[WhiteFideId "2000024"]
[BlackFideId "3513823"]
[WhiteElo "2660"]
[BlackElo "2453"]
[Result "1/2-1/2"]
[Round "01"]
[TimeControl "180+2"]
[Date "2023.04.18"]
[WhiteClock "0:00:20"]
[BlackClock "0:00:19"]

1. Nf3 Nf6 2. g3 g6 3. Bg2 Bg7 4. O-O O-O 5. d3 d6 6. c4 e5 7. Nc3 Nc6 8. Rb1 a5 9. a3 Nd4 10. b4 axb4 11. axb4 c6 12. b5 Bd7 13. bxc6 bxc6 14. Nd2 Qa5 15. Nce4 d5 16. Nxf6+ Bxf6 17. cxd5 cxd5 18. Nb3 Nxb3 19. Qxb3 Be6 20. Bh6 Rfc8 21. h4 Bg7 22. Bxg7 Kxg7 23. Rfc1 Rxc1+ 24. Rxc1 Qd2 25. Qc2 Qxc2 26. Rxc2 Ra1+ 27. Kh2 d4 28. Bf3 Ra2 29. Rc5 Kf6 30. g4 h6 31. g5+ hxg5 32. hxg5+ Kxg5 33. Rxe5+ Kf6 34. Rc5 g5 35. Kg3 g4 36. Bxg4 Bxg4 37. Kxg4 Rxe2 38. Rf5+ Ke6 39. Rf4 f6 40. Kf3 Ke5 41. Rxd4 Rxf2+ 42. Kxf2 Kxd4 43. Kf3 Kxd3 44. Kf4 Kd4 45. Kf5 Kd5 46. Kxf6 1/2-1/2


[Site "https://www.chess.com"]

[Event "Titled Tuesday Blitz April 18 Early 2023"]
[White "Estrada Nieto, Julian"]
[Black "Zakhartsov, Vladimir"]
[WhiteFideId "5101018"]
[BlackFideId "4145097"]
[WhiteElo "2161"]
[BlackElo "2497"]
[Result "0-1"]
[Round "01"]
[TimeControl "180+2"]
[Date "2023.04.18"]
[WhiteClock "0:00:01"]
[BlackClock "0:01:18"]

1. e4 c5 2. Nf3 d6 3. Bb5+ Nd7 4. d4 cxd4 5. Qxd4 e5 6. Qd3 h6 7. Nc3 Nf6 8. Be3 Be7 9. a4 O-O 10. Bc4 a6 11. O-O b6 12. Nd5 Bb7 13. Rfd1 Nxd5 14. Bxd5 Qc7 15. c3 Rad8 16. Nd2 Kh8 17. Nc4 Bc8 18. a5 b5 19. Nb6 Nc5 20. Qe2 Be6 21. Bxc5 dxc5 22. Bxe6 fxe6 23. Qg4 Qc6 24. g3 c4 25. Kg2 Bc5 26. Rxd8 Rxd8 27. Rf1 Kh7 28. Kh3 Rd2 29. Qh5 Qxe4 30. Nc8 Qf5+ 31. Qxf5+ exf5 32. Kg2 e4 33. Kh3 g5 34. g4 f4 35. Nb6 Bxf2 0-1


[Site "https://www.chess.com"]

[Event "Titled Tuesday Blitz April 18 Early 2023"]
[White "Grigorov, Grigor"]
[Black "HamedWafa4"]
[WhiteFideId "2907313"]
[WhiteElo "2510"]
[BlackElo "2452"]
[Result "1-0"]
[Round "01"]
[TimeControl "180+2"]
[Date "2023.04.18"]
[WhiteClock "0:00:43"]
[BlackClock "0:00:31"]

1. d4 Nf6 2. Nf3 c5 3. d5 b5 4. Bg5 g6 5. Bxf6 exf6 6. e4 b4 7. Nbd2 Bg7 8. Bd3 O-O 9. O-O d6 10. Nc4 Qe7 11. a3 Nd7 12. axb4 cxb4 13. Qd2 a5 14. Nxa5 Rxa5 15. Rxa5 Ne5 16. Nxe5 fxe5 17. Qxb4 f5 18. Ra8 f4 19. Rfa1 f3 20. g3 Bh3 21. Rxf8+ Bxf8 22. Qb6 Bg2 23. Ra8 Qg5 24. Qe3 Qh5 25. h4 h6 26. Bf1 Bxf1 27. Kxf1 g5 28. Ke1 Qg4 29. hxg5 hxg5 30. Kd2 Kf7 31. Ra7+ Kg6 32. Kd3 Qh5 33. Ra8 Be7 34. Qa7 Qh1 35. Qxe7 Qd1+ 36. Kc3 Qe1+ 37. Kb3 1-0


[Site "https://www.chess.com"]

[Event "Titled Tuesday Blitz April 18 Early 2023"]
[White "Kopczynski, Michal"]
[Black "Talibov, Shiroghlan"]
[WhiteFideId "1124200"]
[BlackFideId "13429078"]
[WhiteElo "2212"]
[BlackElo "2224"]
[Result "0-1"]
[Round "01"]
[TimeControl "180+2"]
[Date "2023.04.18"]
[WhiteClock "0:00:01"]
[BlackClock "0:00:03"]

1. e4 Nf6 2. e5 Nd5 3. b3 d6 4. exd6 cxd6 5. Bb2 Nc6 6. c4 Nf6 7. d4 d5 8. Nf3 g6 9. Be2 Bg7 10. c5 O-O 11. O-O Bg4 12. Nbd2 Nd7 13. h3 Bxf3 14. Nxf3 Nxc5 15. dxc5 Bxb2 16. Rb1 Bf6 17. Qd2 a5 18. Rbd1 e6 19. Bb5 Qe7 20. Rc1 Rfc8 21. Rfe1 Kg7 22. g4 h6 23. Kg2 Na7 24. Qxa5 Nxb5 25. Qxb5 Rxa2 26. c6 bxc6 27. Rxc6 Rxc6 28. Qxc6 Qa7 29. Rf1 Bd4 30. Nxd4 Qxd4 31. Qd6 Rb2 32. Qg3 Rc2 33. g5 hxg5 34. Qxg5 Rc3 35. h4 Qe4+ 36. f3 Qd4 37. h5 Rc2+ 38. Kh1 Rc8 39. hxg6 f6 40. Qg3 Rh8+ 41. Kg2 Rh5 42. f4 Qe4+ 43. Rf3 Rh8 44. Kf2 Ra8 45. Re3 Ra2+ 46. Kg1 Qd4 47. f5 e5 48. Qh3 Qd1+ 49. Qf1 Qg4+ 50. Kh1 d4 51. Rh3 Qe4+ 52. Kg1 Qg4+ 53. Kh1 Re2 54. Rh7+ Kg8 0-1


[Site "https://www.chess.com"]

[Event "Titled Tuesday Blitz April 18 Early 2023"]
[White "Pichot, Alan"]
[Black "Gatterer, Florian"]
[WhiteFideId "110973"]
[BlackFideId "811688"]
[WhiteElo "2573"]
[BlackElo "2221"]
[Result "1-0"]
[Round "01"]
[TimeControl "180+2"]
[Date "2023.04.18"]
[WhiteClock "0:01:04"]
[BlackClock "0:00:03"]

1. e4 c5 2. Nf3 e6 3. d4 cxd4 4. Nxd4 Nf6 5. Nc3 Nc6 6. Be2 Bb4 7. O-O O-O 8. Ndb5 d5 9. exd5 Nxd5 10. Nxd5 exd5 11. Bf4 Bf5 12. c3 Ba5 13. Nd6 Qd7 14. Qxd5 Be6 15. Qh5 g6 16. Qh6 Bc7 17. Ne4 f5 18. Nc5 Qe7 19. Nxe6 Qxe6 20. Bxc7 Qxe2 21. Rad1 Rf7 22. Rd2 Qe6 23. Bf4 Re8 24. b3 a6 25. h4 Ne5 26. f3 Rd7 27. Bxe5 Rxd2 28. Qg7# 1-0


[Site "https://www.chess.com"]

[Event "Titled Tuesday Blitz April 18 Early 2023"]
[White "Tworuszka, Michal"]
[Black "Rustemov, Alexander"]
[WhiteFideId "1117858"]
[BlackFideId "4119002"]
[WhiteElo "2449"]
[BlackElo "2866"]
[Result "0-1"]
[Round "01"]
[TimeControl "180+2"]
[Date "2023.04.18"]
[WhiteClock "0:00:09"]
[BlackClock "0:00:08"]

1. d4 g6 2. c4 Bg7 3. Nf3 d6 4. Nc3 e5 5. dxe5 dxe5 6. Qxd8+ Kxd8 7. Bg5+ f6 8. O-O-O+ Nd7 9. Bh4 c6 10. Nxe5 Ke7 11. Nxd7 Bxd7 12. e4 Nh6 13. Be2 Be6 14. e5 g5 15. exf6+ Bxf6 16. Bg3 Nf5 17. Rhe1 Rad8 18. Bg4 Bxc3 19. bxc3 Rxd1+ 20. Kxd1 Kd7 21. Kc2 Ne3+ 22. Rxe3 Bxg4 23. Rd3+ Kc8 24. Re3 Bf5+ 25. Kc1 Kd7 26. Kb2 b6 27. c5 h5 28. cxb6 axb6 29. Rf3 Be4 30. Rf6 h4 31. Be5 Re8 32. Rd6+ Kc8 33. Bf6 Bxg2 34. Bxg5 h3 35. Be3 Kb7 36. Rh6 c5 37. a3 Re4 38. Rh7+ Ka6 39. Rh8 Kb5 40. Rh5 Rg4 41. Rg5 Re4 42. Rg3 Re8 43. Rg6 Rd8 44. a4+ Ka5 45. Rg7 Ka6 46. Rg6 Rd5 47. Kb3 Bf3 48. Rg5 Bd1+ 49. Kb2 Rd3 50. Kc1 Bxa4 51. Kb2 Bd7 52. Rg3 Rd1 53. Rg7 Kb5 54. Bf4 Rf1 55. Bg3 Bc6 56. Rc7 Be4 57. Rf7 Kc4 58. Rf4 Kd3 59. f3 Bd5 60. Rf6 b5 61. Rc6 Kc4 62. f4 Rg1 63. Rd6 Rxg3 64. hxg3 h2 65. Rh6 h1=Q 66. Rxh1 Bxh1 67. g4 Be4 68. f5 Kd5 69. Kb3 Ke5 70. c4 b4 71. Ka4 Kf6 72. Kb3 Kg5 73. Ka4 Bc6+ 74. Kb3 Be8 75. Kb2 Bf7 76. f6 Kxg4 77. Kb3 Kf5 78. Ka4 Kxf6 79. Kb5 b3 80. Kxc5 b2 81. Kd4 b1=Q 82. c5 Qd1+ 83. Kc3 Qd5 84. Kb4 Qc4+ 85. Ka5 Qxc5+ 86. Ka4 Qb6 87. Ka3 Qb3# 0-1


[Site "https://www.chess.com"]

[Event "Titled Tuesday Blitz April 18 Early 2023"]
[White "Bachmann, Axel"]
[Black "Khandelwal, Ankush"]
[WhiteFideId "3700488"]
[BlackFideId "413470"]
[WhiteElo "2605"]
[BlackElo "2263"]
[Result "1-0"]
[Round "01"]
[TimeControl "180+2"]
[Date "2023.04.18"]
[WhiteClock "0:00:04"]
[BlackClock "0:00:08"]

1. e4 c5 2. Nf3 d6 3. d4 cxd4 4. Nxd4 Nf6 5. Nc3 a6 6. Bd3 g6 7. h3 Bg7 8. Be3 O-O 9. Qd2 b5 10. Bh6 e5 11. Bxg7 Kxg7 12. Nde2 Nbd7 13. Ng3 Nc5 14. O-O Bb7 15. a3 Rc8 16. f4 exf4 17. Qxf4 Qe7 18. Qg5 Qe5 19. Rf5 Qd4+ 20. Kh1 Ne6 21. Qh4 Nd7 22. Raf1 Rc5 23. Nge2 Qe3 24. R5f3 Qg5 25. Qf2 Ne5 26. Rg3 Qh6 27. Nd4 Nxd4 28. Qxd4 Rc6 29. Nd5 f6 30. Ne7 Rc7 31. Qxd6 Rxe7 32. Qe6 Rff7 33. Qb6 Bc8 34. a4 Qh4 35. Re3 Ng4 36. Ref3 Ne5 37. Rf4 Qg3 38. Rxf6 Bxh3 39. Rxf7+ Rxf7 40. Rxf7+ Kxf7 41. Qc7+ Kf6 42. Qd8+ Kg7 43. Qe7+ Kh6 44. Qf8+ Kh5 45. gxh3 Qxh3+ 46. Kg1 Nf3+ 47. Kf2 Qh2+ 48. Kxf3 Qh1+ 49. Ke3 Qe1+ 50. Kd4 Qb4+ 51. Qxb4 1-0


[Site "https://www.chess.com"]

[Event "Titled Tuesday Blitz April 18 Early 2023"]
[White "Kovalevsky, Stanislav"]
[Black "Kravtsiv, Martyn"]
[WhiteFideId "13508598"]
[BlackFideId "14113147"]
[WhiteElo "2174"]
[BlackElo "2695"]
[Result "1-0"]
[Round "01"]
[TimeControl "180+2"]
[Date "2023.04.18"]
[WhiteClock "0:00:11"]
[BlackClock "0:00:40"]

1. c4 e6 2. e4 d5 3. exd5 exd5 4. cxd5 Nf6 5. Nc3 Nxd5 6. Bc4 Nb6 7. Bb3 Bd6 8. Qe2+ Qe7 9. Qxe7+ Bxe7 10. Nf3 O-O 11. O-O Nc6 12. d4 Bf6 13. Be3 Bg4 14. Nd5 Bxf3 15. Nxf6+ gxf6 16. gxf3 Nb4 17. Rfc1 N4d5 18. Rc5 c6 19. a4 Rfe8 20. a5 Nd7 21. Rxd5 cxd5 22. Bxd5 Rab8 23. Bf4 Rbc8 24. Bxb7 Rc4 25. Be3 Rb4 26. Bc6 Rd8 27. d5 a6 28. Rb1 Ne5 29. Bc5 Rb3 30. Bb6 Rc8 31. Bb7 Rc2 32. Bxa6 Nxf3+ 33. Kg2 Nh4+ 34. Kg1 Nf3+ 35. Kg2 Nd2 36. Rd1 Rbxb2 37. d6 Ne4 38. d7 Nxf2 39. d8=Q+ Kg7 40. Rg1 Ng4+ 41. Kf3 h5 42. Qd4 Rb3+ 43. Kf4 Rf2+ 44. Qxf2 Rb4+ 45. Bd4 Kh6 46. Rxg4 hxg4 47. Kxg4 f5+ 48. Kxf5 1-0


[Site "https://www.chess.com"]

[Event "Titled Tuesday Blitz April 18 Early 2023"]
[White "Baskakov, Egor"]
[Black "Golubev, Mikhail"]
[WhiteFideId "24197866"]
[BlackFideId "14100983"]
[WhiteElo "2212"]
[BlackElo "2374"]
[Result "0-1"]
[Round "01"]
[TimeControl "180+2"]
[Date "2023.04.18"]
[WhiteClock "0:00:56"]
[BlackClock "0:00:04"]

1. e4 c5 2. Nf3 d6 3. d4 cxd4 4. Nxd4 Nf6 5. Nc3 g6 6. g3 Nc6 7. Nde2 Bd7 8. Bg2 Qc8 9. h3 Bg7 10. Nf4 O-O 11. O-O e5 12. Nfd5 Nxd5 13. exd5 Nd4 14. Kh2 Bf5 15. Ne4 Bxe4 16. Bxe4 f5 17. Bg2 Qxc2 18. Bg5 Qxd1 19. Rfxd1 Bf6 20. Be3 Nc2 21. Rac1 Nxe3 22. fxe3 e4 23. b3 Rac8 24. Bf1 Bg5 25. Re1 Rxc1 26. Rxc1 Bxe3 27. Rc7 g5 28. Bc4 Bd4 29. Rxb7 f4 30. gxf4 gxf4 31. Re7 Be5 32. Kg2 f3+ 33. Kf2 Bd4+ 34. Kf1 e3 35. Re4 e2+ 36. Bxe2 fxe2+ 37. Kxe2 Be5 38. Rg4+ Kf7 39. Ra4 Ra8 40. Ke3 h5 41. b4 Kg6 42. Ke4 Rf8 43. a3 Rf4+ 44. Ke3 Rh4 45. Ke2 Rxh3 46. Rxa7 h4 47. Ra8 Kf5 48. b5 Ke4 49. Kf2 Rb3 50. a4 h3 51. Rc8 h2 52. Rc1 Rb2+ 53. Kf1 h1=Q# 0-1


[Site "https://www.chess.com"]

[Event "Titled Tuesday Blitz April 18 Early 2023"]
[White "Gonzalez, Francisco Silva"]
[Black "Drygalov, Andrey"]
[WhiteFideId "1512285"]
[BlackFideId "24171735"]
[WhiteElo "2074"]
[BlackElo "2466"]
[Result "0-1"]
[Round "01"]
[TimeControl "180+2"]
[Date "2023.04.18"]
[WhiteClock "0:00:13"]
[BlackClock "0:00:22"]

1. d4 Nf6 2. c4 e6 3. Nc3 Bb4 4. a3 Bxc3+ 5. bxc3 O-O 6. e3 b6 7. Bd3 c5 8. e4 Nc6 9. Nf3 Ba6 10. e5 Ne8 11. Bxh7+ Kh8 12. Ng5 g6 13. Qg4 Kg7 14. Nxf7 Rxf7 15. Qxg6+ Kf8 16. Qg8+ Ke7 17. Bg5+ Nf6 18. Bxf6+ Rxf6 19. exf6+ Kxf6 20. Qg6+ Ke7 21. Qg5+ Kd6 22. Qg3+ Ke7 23. O-O-O Qh8 24. dxc5 Qxh7 25. Qd6+ Ke8 26. Rhe1 Bxc4 27. cxb6 axb6 28. Re3 Bb3 29. Rd2 Qe7 30. Kb2 Qxd6 31. Rxd6 Na5 32. Rh3 Ke7 33. Rd4 Bd5 34. Rh7+ Kd6 35. h4 Nc4+ 36. Rxc4 Bxc4 37. g4 Rf8 38. g5 Rxf2+ 39. Kc1 Rg2 40. Rh8 b5 41. Kd1 e5 42. Ke1 e4 43. Rh6+ Ke5 44. Rh7 e3 45. Re7+ Kf4 46. Rf7+ Bxf7 47. Kf1 Ra2 48. h5 Bc4+ 49. Kg1 e2 50. Kf2 Ra1 51. g6 e1=Q+ 52. Kg2 Qg3# 0-1


[Site "https://www.chess.com"]

[Event "Titled Tuesday Blitz April 18 Early 2023"]
[White "Bacrot, Etienne"]
[Black "Melikhov, Evgeny V."]
[WhiteFideId "605506"]
[BlackFideId "4122046"]
[WhiteElo "2663"]
[BlackElo "2158"]
[Result "1-0"]
[Round "01"]
[TimeControl "180+2"]
[Date "2023.04.18"]
[WhiteClock "0:00:21"]
[BlackClock "0:00:13"]

1. e4 e5 2. Nf3 Nc6 3. Bb5 a6 4. Ba4 Nf6 5. O-O Nxe4 6. Re1 Nc5 7. Bxc6 dxc6 8. Nxe5 Be7 9. Nc3 O-O 10. d3 f6 11. Nf3 Rf7 12. Bf4 Bf8 13. Qd2 Bg4 14. Re3 Qd7 15. h3 Bxf3 16. Rxf3 Re8 17. Re3 Rfe7 18. Rae1 Rxe3 19. Rxe3 Rxe3 20. Bxe3 Qe6 21. a3 Nd7 22. Qe2 Bc5 23. d4 Bd6 24. Qd3 Nf8 25. Ne4 Ng6 26. c4 Bf4 27. Nc5 Qc8 28. Qe4 Bxe3 29. Qxe3 Nf8 30. Qe4 b6 31. Nd3 Qe6 32. Qxe6+ Nxe6 33. Nb4 Nxd4 34. Nxa6 Ne6 35. Kf1 Kf7 36. Ke2 Ke7 37. Nb4 Kd6 38. Nd3 f5 39. Ke3 g5 40. g4 f4+ 41. Ke4 Nc5+ 42. Nxc5 Kxc5 43. b3 h6 44. Kf5 Kd4 45. Kg6 Ke4 46. Kxh6 f3 47. Kxg5 Kd3 48. Kf4 Ke2 49. Kg3 1-0


[Site "https://www.chess.com"]

[Event "Titled Tuesday Blitz April 18 Early 2023"]
[White "Federzoni, Enzo"]
[Black "Costachi, Mihnea"]
[WhiteFideId "2173301"]
[BlackFideId "1217518"]
[WhiteElo "2039"]
[BlackElo "2456"]
[Result "0-1"]
[Round "01"]
[TimeControl "180+2"]
[Date "2023.04.18"]
[WhiteClock "0:00:28"]
[BlackClock "0:01:02"]

1. e4 c5 2. Nf3 d6 3. Bb5+ Bd7 4. Bxd7+ Nxd7 5. O-O g6 6. c3 Bg7 7. d4 cxd4 8. cxd4 Ngf6 9. Nc3 O-O 10. Qe2 Qa5 11. h3 Rfc8 12. e5 Nd5 13. e6 Nf8 14. exf7+ Kxf7 15. Bd2 Nxc3 16. bxc3 Rc7 17. Rfe1 Kg8 18. Qe4 Qf5 19. Qxf5 gxf5 20. Rab1 Ng6 21. Ng5 e5 22. dxe5 dxe5 23. Ne6 Rd7 24. Nxg7 Kxg7 25. Be3 b6 26. a4 Rc8 27. Rec1 f4 28. Bxb6 axb6 29. Rxb6 Rc4 30. a5 Rdc7 31. a6 Rxc3 32. Rxc3 Rxc3 33. a7 Ra3 34. Rb7+ Kf6 35. g4 fxg3 36. fxg3 h5 37. Kf2 e4 38. g4 hxg4 39. hxg4 Ne5 40. Ke2 Nxg4 41. Rb4 Kf5 42. Rb7 Ra2+ 43. Ke1 Kf4 44. Rb3 Rxa7 45. Kf1 Ra1+ 46. Ke2 Ra2+ 47. Kf1 e3 48. Rb8 Kg3 49. Rb3 Kf3 50. Rb1 Rg2 51. Rb3 Rh2 52. Kg1 Ra2 53. Kh1 Ra1+ 54. Rb1 Rxb1# 0-1


[Site "https://www.chess.com"]

[Event "Titled Tuesday Blitz April 18 Early 2023"]
[White "Movahed, Sina"]
[Black "Bas Mas, Jose Joaquin"]
[WhiteFideId "42520835"]
[BlackFideId "22219064"]
[WhiteElo "2225"]
[BlackElo "2233"]
[Result "1-0"]
[Round "01"]
[TimeControl "180+2"]
[Date "2023.04.18"]
[WhiteClock "0:01:34"]
[BlackClock "0:00:56"]

1. e4 e6 2. d4 d5 3. Nd2 Nf6 4. e5 Nfd7 5. Ngf3 c5 6. c3 Nc6 7. Nb3 a5 8. a4 cxd4 9. cxd4 Qb6 10. Bb5 Bb4+ 11. Bd2 O-O 12. O-O f6 13. Bxb4 axb4 14. exf6 Nxf6 15. Re1 Ne4 16. Rc1 Bd7 17. Nc5 Nxc5 18. Rxc5 Rf6 19. Bxc6 bxc6 20. Ne5 Be8 21. b3 Ra7 22. Qd2 h6 23. h3 Ra5 24. Rxa5 Qxa5 25. Rc1 Qb6 26. Rc5 Qb7 27. a5 Bd7 28. a6 Qxa6 29. Nxd7 1-0


[Site "https://www.chess.com"]

[Event "Titled Tuesday Blitz April 18 Early 2023"]
[White "Orujov2008"]
[Black "Bharath Subramaniyam H"]
[BlackFideId "46634827"]
[WhiteElo "2438"]
[BlackElo "2395"]
[Result "0-1"]
[Round "01"]
[TimeControl "180+2"]
[Date "2023.04.18"]
[WhiteClock "0:00:03"]
[BlackClock "0:00:19"]

1. e4 c6 2. d4 d5 3. Nc3 g6 4. e5 Bg7 5. Nf3 Nh6 6. Bd3 O-O 7. Ne2 f6 8. exf6 exf6 9. O-O Bg4 10. Ng3 Nf7 11. h3 Be6 12. Re1 Qd7 13. Be3 a5 14. Qd2 a4 15. a3 Na6 16. Re2 Nc7 17. Rae1 Rfe8 18. Bf4 Nd6 19. c3 b5 20. Kh2 Nc4 21. Bxc4 bxc4 22. Bxc7 Bf7 23. Rxe8+ Rxe8 24. Rxe8+ Bxe8 25. Bb6 g5 26. Bc5 Bg6 27. Qe2 h5 28. Qe7 Qc8 29. Bb6 h4 30. Nf1 Qf5 31. Ne3 Qb1 32. Qd8+ Kh7 33. Ng4 Qf5 34. Bc5 Qf4+ 35. Kh1 Be4 36. Ng1 f5 37. Nf6+ Kg6 38. Nxe4 dxe4 39. Qd6+ Qxd6 40. Bxd6 f4 41. g3 hxg3 42. fxg3 f3 43. Nxf3 exf3 44. Kg1 Kf5 45. Kf2 Ke4 46. h4 gxh4 47. gxh4 Bh6 48. h5 Be3+ 49. Kg3 f2 50. Kg2 Kd3 51. Kf1 Kc2 52. h6 Bxh6 53. Kxf2 Kxb2 54. Bb4 Bd2 55. Ke2 Bxc3 56. Bc5 Kb3 57. Kd1 Bb2 58. Bb4 c3 59. Bc5 c2+ 60. Kd2 c1=Q+ 0-1


[Site "https://www.chess.com"]

[Event "Titled Tuesday Blitz April 18 Early 2023"]
[White "Goltsev, Dmitry"]
[Black "Rios Escobar, Adan"]
[WhiteFideId "24176710"]
[BlackFideId "3403645"]
[WhiteElo "2336"]
[BlackElo "2436"]
[Result "1-0"]
[Round "01"]
[TimeControl "180+2"]
[Date "2023.04.18"]
[WhiteClock "0:02:27"]
[BlackClock "0:00:02"]

1. e4 c5 2. Nf3 d6 3. d4 cxd4 4. Nxd4 Nf6 5. Nc3 a6 6. Be3 e5 7. Nb3 Be7 8. Nd5 Nbd7 9. f3 Nxd5 10. exd5 O-O 11. c4 f5 12. Be2 Bh4+ 13. g3 Bg5 14. Bf2 e4 15. f4 Bf6 16. Nd4 Qa5+ 17. Qd2 Qxd2+ 18. Kxd2 g6 19. b4 Rf7 20. a3 b5 21. cxb5 Nb6 22. Rac1 axb5 23. Nxb5 Na4 24. Nxd6 Rd7 25. Rxc8+ Rxc8 26. Nxc8 Rxd5+ 27. Kc2 Nb2 28. Nb6 Rd8 29. Rb1 Nd3 30. Bxd3 Rxd3 31. Rb3 Rd6 32. Bc5 Re6 33. a4 Kf7 34. a5 Be7 35. a6 Bxc5 36. bxc5 e3 37. a7 e2 38. Rb1 e1=Q 39. Rxe1 Rxe1 40. a8=Q Re2+ 41. Kd3 Rxh2 42. c6 Rg2 43. c7 Rxg3+ 44. Kd4 Rg4 45. Ke5 Kg7 46. c8=Q Kh6 47. Qf8+ Kh5 48. Qa1 g5 49. Qh1+ Rh4 50. Qf7+ Kh6 51. Qxh4+ gxh4 52. Qf6+ Kh5 53. Qg5# 1-0


[Site "https://www.chess.com"]

[Event "Titled Tuesday Blitz April 18 Early 2023"]
[White "littlepillow2010"]
[Black "Kukhmazov, Arsen"]
[BlackFideId "24108260"]
[WhiteElo "2435"]
[BlackElo "2396"]
[Result "0-1"]
[Round "01"]
[TimeControl "180+2"]
[Date "2023.04.18"]
[WhiteClock "0:00:01"]
[BlackClock "0:01:25"]

1. e4 e5 2. Nf3 Nc6 3. Bb5 a6 4. Ba4 Nf6 5. O-O Nxe4 6. Re1 Nc5 7. Bxc6 dxc6 8. Nxe5 Be7 9. d4 Ne6 10. c3 O-O 11. Qd3 a5 12. Nd2 a4 13. Ndf3 Bf6 14. Ng4 b6 15. Nxf6+ Qxf6 16. Qe4 Bb7 17. Ne5 Rfd8 18. Nxc6 Kh8 19. d5 Bxc6 20. dxc6 Nc5 21. Qf3 Qxf3 22. gxf3 Ne6 23. Be3 Rd6 24. Rad1 Rxc6 25. Rd7 Kg8 26. f4 g6 27. Red1 Kf8 28. Kg2 Ke8 29. Kf3 a3 30. bxa3 Rxc3 31. R1d3 Raxa3 32. Rxc3 Rxc3 33. Rd2 c5 34. h4 b5 35. Kg4 h5+ 36. Kf3 b4 37. Rd5 c4 38. Rb5 Nd4+ 39. Kg3 Nxb5 0-1


[Site "https://www.chess.com"]

[Event "Titled Tuesday Blitz April 18 Early 2023"]
[White "Licznerski, Lukasz"]
[Black "Topalov, Aleksandar"]
[WhiteFideId "1179250"]
[BlackFideId "925659"]
[WhiteElo "2450"]
[BlackElo "2151"]
[Result "1-0"]
[Round "01"]
[TimeControl "180+2"]
[Date "2023.04.18"]
[WhiteClock "0:00:18"]
[BlackClock "0:01:06"]

1. e4 e6 2. d4 d5 3. Nd2 Nf6 4. e5 Ng8 5. Bd3 Ne7 6. c3 Qd7 7. f4 h5 8. Ndf3 g6 9. Ne2 b6 10. g3 Ba6 11. h3 Bxd3 12. Qxd3 c5 13. Be3 Nf5 14. Bf2 Nc6 15. O-O-O cxd4 16. Nexd4 Nfxd4 17. Nxd4 Nxd4 18. Bxd4 O-O-O 19. Kb1 Kb8 20. g4 Be7 21. Rdf1 hxg4 22. hxg4 Rdg8 23. a3 Qe8 24. f5 gxf5 25. gxf5 Rxh1 26. Rxh1 Rh8 27. Rf1 Bd8 28. Ka2 Rh2 29. Qg3 Qh8 30. fxe6 fxe6 31. Rf6 Qh5 32. Rf8 Qe2 33. c4 Qxc4+ 34. Qb3 Qxd4 35. Rxd8+ Kc7 36. Re8 Kd7 37. Qb5+ Kc7 38. Re7+ 1-0


[Site "https://www.chess.com"]

[Event "Titled Tuesday Blitz April 18 Early 2023"]
[White "Manukian, Artak"]
[Black "Timofeev, Artyom"]
[WhiteFideId "13301373"]
[BlackFideId "4140419"]
[WhiteElo "2130"]
[BlackElo "2586"]
[Result "0-1"]
[Round "01"]
[TimeControl "180+2"]
[Date "2023.04.18"]
[WhiteClock "0:00:10"]
[BlackClock "0:00:58"]

1. e4 d6 2. d4 Nf6 3. f3 g6 4. c4 Bg7 5. Nc3 c6 6. Bg5 a6 7. Qd2 h6 8. Be3 b5 9. g4 bxc4 10. Bxc4 d5 11. exd5 cxd5 12. Bd3 Nc6 13. Nge2 e5 14. h3 e4 15. fxe4 dxe4 16. Nxe4 Nd5 17. O-O Nxe3 18. Qxe3 O-O 19. Rad1 Kh7 20. d5 Ne5 21. Bb1 f5 22. gxf5 Bxf5 23. N2g3 Bxh3 24. Rxf8 Qxf8 25. d6 Rd8 26. Nf2 Bd7 27. Qe4 Bc6 28. Rd5 Bxd5 29. Qxd5 Qxd6 30. Qxd6 Rxd6 31. Nge4 Rc6 32. Nc3 Nf3+ 33. Kg2 Bxc3 34. bxc3 Nd2 35. Bd3 Rxc3 36. Bxa6 Ra3 37. Ng4 Rxa6 0-1


[Site "https://www.chess.com"]

[Event "Titled Tuesday Blitz April 18 Early 2023"]
[White "ArtemDyachuk"]
[Black "Mammadov, Zaur"]
[BlackFideId "13401033"]
[WhiteElo "2432"]
[BlackElo "2441"]
[Result "0-1"]
[Round "01"]
[TimeControl "180+2"]
[Date "2023.04.18"]
[WhiteClock "0:00:21"]
[BlackClock "0:01:04"]

1. Nf3 d5 2. e3 Nf6 3. c4 c6 4. b3 g6 5. Bb2 Bg7 6. Be2 O-O 7. O-O a5 8. Nc3 Bg4 9. cxd5 cxd5 10. d4 Nc6 11. a4 Nb4 12. Ne5 Bf5 13. Nb5 Bc2 14. Qd2 Ne4 15. Qe1 Bxb3 16. f3 Nc2 17. Qh4 Nd6 18. Ra3 Nxa3 19. Bxa3 Bxa4 20. Nc3 Bc6 21. Rb1 Nf5 22. Qf2 a4 23. Bd3 Bxe5 24. dxe5 Nxe3 25. Qh4 d4 26. Bxe7 dxc3 27. Bxd8 Raxd8 0-1


[Site "https://www.chess.com"]